 Dungeon Crawl Stone Soup version 0.22-a0-605-g9281fa2 (webtiles) character file.

178 chorionicmirror the Protected (level 5, -2/43 HPs)
             Began as a Gnoll Wanderer on July 8, 2018.
             Slain by an orc priest
             ... wielding a +0 dagger
              (3 damage)
             ... on level 3 of the Dungeon.
             The game lasted 00:06:21 (2209 turns).

chorionicmirror the Protected (Gnoll Wanderer)      Turns: 2209, Time: 00:06:25

Health: -2/43      AC:  8    Str: 16    XL:     5   Next: 58%
Magic:  16/16      EV: 11    Int: 17    God:
Gold:   140        SH:  0    Dex: 11    Spells: 7/7 levels left

rFire    . . .     SeeInvis .   a - +2 hand axe
rCold    . . .     Gourm    .   (no shield)
rNeg     . . .     Faith    .   b - +0 ring mail
rPois    .         Spirit   .   e - +0 helmet
rElec    .         Reflect  .   (no cloak)
rCorr    .         Harm     .   (no gloves)
MR       .....                  (no boots)
Stlth    +.........             (no amulet)
HPRegen  0.14/turn              f - ring of wizardry
MPRegen  0.15/turn              n - ring of magical power

@: no status effects
A: distributed training, fangs 1, strong nose
a: no special abilities


You were on level 3 of the Dungeon.
You were not hungry.

You visited 1 branch of the dungeon, and saw 3 of its levels.

You collected 140 gold pieces.

Inventory:

Hand Weapons
 a - a +2 hand axe (weapon)
Missiles
 g - 111 stones (quivered)
 j - 2 tomahawks
 l - a throwing net
Armour
 b - a +0 ring mail (worn)
 e - a +0 helmet (worn)
Jewellery
 f - a ring of wizardry (left hand)
 n - a ring of magical power (right hand)
 q - an uncursed ring of magical power
Scrolls
 h - a scroll of remove curse
 m - a scroll of teleportation {unknown}
 r - 2 scrolls of identify
 t - a scroll of fear {unknown}
Potions
 c - a potion of lignification
 i - a potion of agility
 o - a potion of degeneration {unknown}
 p - a potion of curing
 s - a potion of flight {unknown}
Comestibles
 d - 4 rations
 k - 2 chunks of flesh


   Skills:
 + Level 4.8 Fighting
 + Level 1.5 Short Blades
 + Level 1.5 Long Blades
 + Level 4.8 Axes
 + Level 1.5 Maces & Flails
 + Level 1.5 Polearms
 + Level 1.5 Staves
 + Level 1.5 Slings
 + Level 1.5 Bows
 + Level 1.5 Crossbows
 + Level 1.5 Throwing
 + Level 8.6 Armour
 + Level 1.5 Dodging
 + Level 2.8 Stealth
 + Level 1.5 Shields
 + Level 1.5 Unarmed Combat
 + Level 1.5 Spellcasting
 + Level 1.2 Conjurations
 + Level 1.2 Hexes
 + Level 1.2 Charms
 + Level 1.2 Summonings
 + Level 1.2 Necromancy
 + Level 1.2 Translocations
 + Level 1.2 Transmutations
 + Level 1.2 Fire Magic
 + Level 1.2 Ice Magic
 + Level 1.2 Air Magic
 + Level 1.2 Earth Magic
 + Level 1.2 Poison Magic
 + Level 1.7 Invocations
 + Level 3.0 Evocations


You had 7 spell levels left.
You didn't know any spells.
Your spell library was empty.

Dungeon Overview and Level Annotations

Branches:
Dungeon (3/15)

Altars:


Innate Abilities, Weirdness & Mutations

Your experience applies equally to all skills.
You have very sharp teeth.
Your uncanny sense of smell can sniff out nearby items.


Message History

You see here a whip.
Eating one of 3 chunks of flesh.
You eat one of the 3 chunks of flesh.
This raw flesh tastes terrible.
An orc priest comes into view. It is wielding a dagger.
The orc priest shouts!
The orc priest invokes the aid of Beogh against you.
Beogh smites you!
An orc comes into view. It is wielding a club.
The orc priest calls down the wrath of Beogh upon you.
Beogh smites you! The orc priest hits you with a dagger.
You closely miss the orc priest. The orc priest closely misses you.
The orc shouts!
You hit the orc priest.
The orc priest is lightly wounded.
The orc priest calls down the wrath of Beogh upon you.
Beogh smites you!
* * * LOW HITPOINT WARNING * * *
The orc priest hits you with a dagger.
You die...

#.# #.# ####.# #
#######.###.## ##....#
#.###......o##...###.....#
#.....####...............#
#.##..# ##)##...#.#..)..#
# #..#####.###.##.##...##
#.##..#...#.# #o##.###.##
##...........# #.##.#
#.### #####........#
#@##.# #...# # #........#
#o##.# ###.# # #........#
#.##.# #.# #
#.#.....####.##.# #.#
#####............##.# #.#
...####.....####.# #.#
##.# ##...#####.# #.#
#.######........# #.#
#.....>..#####..# #.#


You could see an orc priest and an orc.

Vanquished Creatures
  Terence (D:2)
  A worker ant zombie (D:2)
  4 adders
  3 oozes (D:2)
  5 worms (D:2)
  5 dart slugs
  2 orcs (D:3)
  4 giant cockroaches
  6 goblins
  6 hobgoblins (D:1)
  2 jackals (D:1)
  A quokka (D:2)
  7 bats
  6 frilled lizards
  10 kobolds
  9 rats
72 creatures vanquished.

Notes
Turn   | Place    | Note
-------+----------+-------------------------------------------
     0 | D:1      | chorionicmirror the Gnoll Wanderer began the quest for the Orb.
     0 | D:1      | chorionicmirror set off with: a +2 hand axe, a +0 ring mail, a potion of lignification, a ration
     0 | D:1      | Reached XP level 1. HP: 20/20 MP: 2/2
    58 | D:1      | Reached XP level 2. HP: 20/26 MP: 3/3
   311 | D:1      | Reached XP level 3. HP: 29/31 MP: 4/4
   816 | D:2      | Reached skill level 1 in Invocations
   874 | D:2      | Reached skill level 1 in Short Blades
   874 | D:2      | Reached skill level 1 in Long Blades
   874 | D:2      | Reached skill level 1 in Maces & Flails
   874 | D:2      | Reached skill level 1 in Polearms
   874 | D:2      | Reached skill level 1 in Staves
   874 | D:2      | Reached skill level 1 in Slings
   874 | D:2      | Reached skill level 1 in Bows
   874 | D:2      | Reached skill level 1 in Crossbows
   874 | D:2      | Reached skill level 1 in Throwing
   874 | D:2      | Reached skill level 1 in Dodging
   874 | D:2      | Reached skill level 1 in Shields
   874 | D:2      | Reached skill level 1 in Unarmed Combat
   874 | D:2      | Reached skill level 1 in Spellcasting
   932 | D:2      | Reached XP level 4. HP: 29/38 MP: 6/6
  1057 | D:2      | Reached skill level 1 in Conjurations
  1057 | D:2      | Reached skill level 1 in Hexes
  1057 | D:2      | Reached skill level 1 in Charms
  1057 | D:2      | Reached skill level 1 in Summonings
  1057 | D:2      | Reached skill level 1 in Necromancy
  1057 | D:2      | Reached skill level 1 in Translocations
  1057 | D:2      | Reached skill level 1 in Transmutations
  1057 | D:2      | Reached skill level 1 in Fire Magic
  1057 | D:2      | Reached skill level 1 in Ice Magic
  1057 | D:2      | Reached skill level 1 in Air Magic
  1057 | D:2      | Reached skill level 1 in Earth Magic
  1057 | D:2      | Reached skill level 1 in Poison Magic
  1397 | D:2      | Noticed Terence
  1444 | D:2      | Killed Terence
  1444 | D:2      | Reached XP level 5. HP: 23/43 MP: 7/7
  2209 | D:3      | HP: 1/43 [orc priest/divine providence (14)]
  2209 | D:3      | Slain by an orc priest

Vault maps used:
D:1:      tarquinn_simple_flora_water_f
D:2:      minmay_wonky_spiral, uniq_terence
D:3:      uniq_jessica

Skill      XL: |  1  2  3  4  5 |
---------------+----------------+-----
Invocations    | 1 |  1.7
Short Blades   | 1 |  1.5
Long Blades    | 1 |  1.5
Maces & Flails | 1 |  1.5
Polearms       | 1 |  1.5
Staves         | 1 |  1.5
Slings         | 1 |  1.5
Bows           | 1 |  1.5
Crossbows      | 1 |  1.5
Throwing       | 1 |  1.5
Dodging        | 1 |  1.5
Shields        | 1 |  1.5
Unarmed Combat | 1 |  1.5
Spellcasting   | 1 |  1.5
Conjurations   | 1 |  1.2
Hexes          | 1 |  1.2
Charms         | 1 |  1.2
Summonings     | 1 |  1.2
Necromancy     | 1 |  1.2
Translocations | 1 |  1.2
Transmutations | 1 |  1.2
Fire Magic     | 1 |  1.2
Ice Magic      | 1 |  1.2
Air Magic      | 1 |  1.2
Earth Magic    | 1 |  1.2
Poison Magic   | 1 |  1.2
Evocations     | 3 |  3.0
Fighting       | |  4.8
Axes           | |  4.8
Armour         | |  8.6
Stealth        | |  2.8

Action                   |  1- 3 |  4- 6 || total
-------------------------+-------+-------++-------
Melee: Hand axe          |   122 |   142 ||   264
       Bite              |     6 |    20 ||    26
       Punch             |       |     1 ||     1
  Use: Scroll            |     2 |       ||     2
       Potion            |     1 |     1 ||     2
 Stab: Sleeping          |     2 |     3 ||     5
  Eat: Chunk             |       |     5 ||     5
Armor: Ring mail         |    55 |    57 ||   112
Dodge: Dodged            |    58 |    49 ||   107

Table legend:
 A = Spawn XP
 B = Non-spawn XP
 C = Spawn XP percentage of total XP
 D = Spawn monster count
 E = Non-spawn monster count
 F = Spawn count percentage of total count
 G = Total turns spent on level
                    A         B        C        D         E        F      G
               +---------+---------+-------+---------+---------+-------+---------
         Total |       0 |     255 |   0.0 |       0 |      72 |   0.0 |  2209
               +---------+---------+-------+---------+---------+-------+---------
           D:1 |       0 |      53 |   0.0 |       0 |      30 |   0.0 |   688
           D:2 |       0 |     161 |   0.0 |       0 |      27 |   0.0 |  1169
           D:3 |       0 |      41 |   0.0 |       0 |      15 |   0.0 |   352
               +---------+---------+-------+---------+---------+-------+---------
